 Dungeon Crawl Stone Soup version 0.23.0 (webtiles) character file.

Game seed: 1477558524082632206

66 Semilg the Chucker (level 3, 35/35 HPs)
             Began as a Troll Hunter on Feb 18, 2019.
             Starved to death
             ... on level 3 of the Dungeon.
             The game lasted 00:15:59 (1306 turns).

Semilg the Chucker (Troll Hunter)                   Turns: 1306, Time: 00:15:59

Health: 35/35      AC: 13    Str: 21    XL:     3   Next: 96%
Magic:  2/2        EV:  8    Int:  7    God:
Gold:   73         SH:  0    Dex: 10    Spells: 2/2 levels left

rFire    x . .     SeeInvis .   h - +0 hand axe
rCold    + + .     Gourm    +   (no shield)
rNeg     . . .     Faith    .   l - +0 ice dragon scales
rPois    .         Spirit   .   (helmet restricted)
rElec    .         Reflect  .   (no cloak)
rCorr    .         Harm     .   (gloves unavailable)
MR       .....                  (boots unavailable)
Stlth    ..........             (no amulet)
HPRegen  0.51/turn              (no ring)
MPRegen  0.08/turn              (no ring)

@: fainting
A: large, unfitting armour, claws 3, fast metabolism 3, gourmand, regeneration
1, shaggy fur 1, tough skin 3
a: no special abilities


You were on level 3 of the Dungeon.
You were fainting.

You visited 1 branch of the dungeon, and saw 3 of its levels.

You collected 73 gold pieces.

Inventory:

Hand Weapons
 a - a +0 short sword
 b - a +0 dagger
 f - a +0 blowgun
 h - a +0 hand axe (weapon)
Missiles
 c - 3 large rocks (quivered)
 d - 2 throwing nets
 n - 2 poisoned needles
Armour
 l - +0 ice dragon scales (worn)
Scrolls
 j - a scroll of remove curse {unknown}
 k - 3 scrolls of identify {unknown}
Potions
 e - 2 potions of lignification {unknown}
 g - 2 potions of curing {unknown}
 i - a potion of degeneration {unknown}
 m - a potion of heal wounds {unknown}


   Skills:
 + Level 1.7 Fighting
 + Level 0.3 Short Blades
 + Level 0.9 Axes
 + Level 4.5 Throwing
 + Level 0.2 Armour
 + Level 2.0 Dodging
 + Level 0.3 Stealth


You had 2 spell levels left.
You didn't know any spells.
Your spell library was empty.

Dungeon Overview and Level Annotations

Branches:
Dungeon (3/15)

Altars:


Innate Abilities, Weirdness & Mutations

You are too large for most types of armour.
You have claws for hands.
Your metabolism is lightning-fast.
You like to eat raw meat.
Your natural rate of healing is unusually fast.
You are covered in fur. (AC +1)
You have extremely tough skin. (AC +3)


Message History

The adder is heavily wounded.
The adder closely misses you.
You hit the adder.
The adder is severely wounded.
You are fainting from starvation!
The adder closely misses you. The adder barely misses you.
You closely miss the adder.
The adder is severely wounded.
The adder bites you but does no damage. The adder barely misses you.
You hit the adder.
You kill the adder!
You lose consciousness!
You can move again.
You see here an adder corpse.
c - 2 large rocks (gained 1)
Found 6 gold pieces.
c - 3 large rocks (gained 1)
You now have 73 gold pieces (gained 6).
You have starved to death.
You die...

#.# ###.# #.#
#.######.###.#
###.##.........#
..#.##.###.#####
#.#.##.# #.#
#.#.##.# #..
#########.#.##.#
####
............##.#
.........@.....#
#########.######
#.# #.# ... ..#
####


There were no monsters in sight!

Vanquished Creatures
  2 adders
  A worm (D:2)
  2 dart slugs (D:2)
  3 leopard geckos
  8 bats
  A giant cockroach (D:2)
  3 hobgoblins
  4 jackals (D:2)
  A quokka (D:2)
  A frilled lizard (D:2)
  A goblin (D:1)
  8 kobolds
  3 rats
38 creatures vanquished.

Notes
Turn   | Place    | Note
-------+----------+-------------------------------------------
     0 | D:1      | Semilg the Troll Hunter began the quest for the Orb.
     0 | D:1      | Reached XP level 1. HP: 19/19 MP: 0/0
   206 | D:1      | Reached skill level 4 in Throwing
   231 | D:1      | Reached XP level 2. HP: 25/27 MP: 1/1
   785 | D:2      | Reached XP level 3. HP: 32/33 MP: 2/2
   941 | D:2      | Paralysed by fainting for 8 turns
  1265 | D:3      | Paralysed by fainting for 9 turns
  1306 | D:3      | Starved to death

Skill      XL: |  1  2  3 |
---------------+----------+-----
Throwing       | 4 |  4.5
Dodging        | 2 |  2.0
Fighting       | |  1.7
Short Blades   | |  0.3
Axes           | |  0.9
Armour         | |  0.2
Stealth        | |  0.3

Action                   || total
-------------------------++-------
Melee: Short sword       ||    45
       Hand axe          ||    98
Throw: Large rock        ||    34
       Throwing net      ||     4
  Eat: Ration            ||     2
Armor: Robe              ||    15
       Ice dragon scales ||   108
Dodge: Dodged            ||    92
